 Dungeon Crawl Stone Soup version 0.30.1 (webtiles) character file.

Game seed: 3036924564285191512

64731 Pepete the Tortoise (level 15, -9/90 HPs)
             Began as a Djinni Fire Elementalist on July 8, 2023.
             Was an Elder of Makhleb.
             Killed from afar by a ynoxinul (14 damage)
             ... with an iron shot
             ... summoned by an orc high priest
             ... on level 2 of the Orcish Mines on July 9, 2023.
             The game lasted 02:20:11 (65074 turns).

Pepete the Tortoise (Djinni Fire Elementalist)     Turns: 65074, Time: 02:20:11

Health: -9/90      AC: 28    Str:  7    XL:     15   Next: 55%
Gold:   1571       EV:  4    Int: 24    God:    Makhleb [****..] SH: 11 Dex: 14

rFire   + + .        (no weapon)
rCold   x . .        l - +0 kite shield
rNeg    . . .        O - +0 chain mail
rPois   ∞            J - +0 hat {Will+}
rElec   .            I - +1 cloak
rCorr   .            t - +2 pair of gloves
SInv    .            (boots unavailable)
Will    ++...        k - amulet of the acrobat Stlth
                     g - +4 ring of protection
HPRegen 0.35/turn    s - +4 ring of protection
MPRegen 0.00/turn

%: acrobat, infuse magic (-10 HP)
@: flying, very slightly contaminated, slowed, very slow
A: sickness immunity, fire resistance 2, cold vulnerability 1, float, innate
caster, HP casting, extra vitality 1
a: Renounce Religion, Minor Destruction, Lesser Servant of Makhleb, Major
Destruction


You were on level 2 of the Orcish Mines.
You worshipped Makhleb.
Makhleb was greatly pleased with you.
You visited 4 branches of the dungeon, and saw 20 of its levels.
You also visited: Sewer and Ossuary.

You collected 1762 gold pieces.
You spent 191 gold pieces at shops.

Inventory:

Hand Weapons
 M - a +0 demon whip of venom
 N - the +1 dagger "Soobbor" {heavy, +Blink Str+2}
   (You found it on level 3 of the Lair of Beasts)

   Str:       It affects your strength (+2).
   +Blink:    It lets you blink.
Missiles
 z - 2 throwing nets
Armour
 c - a scarf of resistance
 l - a +0 kite shield (worn)
 r - a +2 hat
 t - a +2 pair of gloves (worn)
 w - a +0 plate armour
 I - a +1 cloak (worn)
 J - a +0 hat of willpower (worn)
 K - +0 acid dragon scales
 O - a +0 chain mail (worn)
Magical Staves
 E - a staff of poison
Jewellery
 a - a +6 ring of dexterity
 g - a +4 ring of protection (left hand)
 k - an amulet of the acrobat (around neck)
 m - a ring of see invisible
 s - a +4 ring of protection (right hand)
 H - a ring of positive energy
Wands
 i - a wand of polymorph (4)
 q - a wand of roots (36)
 u - a wand of mindburst (22)
 C - a wand of charming (10)
 F - a wand of flame (33)
Scrolls
 d - 2 scrolls of magic mapping
 h - 2 scrolls of identify
 j - 3 scrolls of fear
 p - 2 scrolls of fog
 v - a scroll of blinking
 x - a scroll of teleportation
 y - 3 scrolls of poison
Potions
 b - 6 potions of might
 e - a potion of curing
 f - 3 potions of cancellation
 n - 2 potions of berserk rage
 o - 6 potions of ambrosia


   Skills:
 - Level 2.5 Fighting
 - Level 2.1 Maces & Flails
 * Level 16.9 Armour
 - Level 2.1 Dodging
 - Level 1.5 Stealth
 * Level 8.6 Shields
 * Level 14.1 Spellcasting


You knew the following spells:

 Your Spells              Type           Power      Damage    Failure   Level
a - Foxfire               Conj/Fire      100%       2x1d9     1%          1
b - Scorch                Fire           100%       2d9       1%          2
c - Volatile Blastmotes   Fire/Tloc      100%       2d18      3%          3
d - Inner Flame           Hex/Fire       71%        N/A       3%          3
e - Flame Wave            Conj/Fire      71%        2d16      11%         4
f - Necrotise             Necr           100%       1d9       1%          1
g - Blink                 Tloc           100%       N/A       1%          2
h - Dazzling Flash        Conj/Hex       100%       N/A       3%          3
i - Fulminant Prism       Conj/Hex       35%        3d17      11%         4
j - Blade Hands           Tmut           35%        N/A       30%         5
k - Arcjolt               Conj/Air       35%        1d45      30%         5
l - Simulacrum            Ice/Necr       35%        N/A       86%         6
Your spell library was empty.

Dungeon Overview and Level Annotations

Branches:
Dungeon (12/15)            Temple (1/1) D:6            Lair (5/5) D:11
 Shoals (0/4) Lair:2       Spider (0/4) Lair:3        Slime (0/5) Lair:4
    Orc (2/2) D:12          Sewer (visited)         Ossuary (visited)
    Elf: Orc:2

Altars:
Ashenzari
Cheibriados
Dithmenos
Elyvilon
Fedhas
Gozag
Hepliaklqana
Makhleb
Nemelex Xobeh
Qazlal
Ru
Trog
Uskayaw
Wu Jian
Xom
Yredelemnul
Zin
The Shining One
Jiyva

Shops:
D:1 *   D:7 *

Annotations:
D:4 2 transporters
D:9 3 runed translucent doors, cheesebisquit's ghost, novice OpTm
D:10 2 transporters, Pepete's ghost, journeyman MiBe
D:11 2 transporters, cheesebisquit's ghost, journeyman DjFE


Innate Abilities, Weirdness & Mutations

You are immune to sickness and miasma.
You are immune to poison.
Your flesh is very heat resistant. (rF++)
You are vulnerable to cold. (rC-)
You float through the air rather than walking.
You learn spells naturally, not from books.
Your magical power is your life essence.
You have superior vitality. (+4 MHP)


Message History

The orc high priest prays to Beogh.
The orc warrior shoots a bolt.
The bolt hits your fulminant prism!!
Casting: Fulminant Prism (dangerous; 11% risk of failure)
Confirm with . or Enter, or press ? or * to list all spells.
Aiming: Fulminant Prism (dangerous; 11% risk of failure)
Press: ? - help, Dir - move target You conjure a prism of explosive energy!
A fulminant prism comes into view.
The ufetubus hits your fulminant prism. x2
Your fulminant prism detonates feebly.
You block the orc warrior's attack.
The ufetubus completely misses your fulminant prism.
The ufetubus hits your fulminant prism.
The orc high priest calls down the wrath of Beogh upon you.
Beogh smites you!
An orc knight comes into view. It is wielding a +0 great mace.
The orc warrior shoots a bolt.
The bolt hits you but does no damage.
Casting: Fulminant Prism (dangerous; 11% risk of failure)
Confirm with . or Enter, or press ? or * to list all spells.
Aiming: Fulminant Prism (dangerous; 11% risk of failure)
Press: ? - help, Dir - move target You conjure a prism of explosive energy!
A fulminant prism comes into view.
The ufetubus hits your fulminant prism but does no damage.
The ufetubus hits your fulminant prism. x3; You block the orc warrior's attack.
An ogre comes into view. It is wielding a +0 giant spiked club.
The ufetubus completely misses your fulminant prism.
The ufetubus hits your fulminant prism but does no damage.
The orc high priest invokes the aid of Beogh against you.
Beogh smites you!
* * * LOW HITPOINT WARNING * * *
The ufetubus hits your fulminant prism. x2
The orc knight roars a battlecry!
The orcs go into a battle-frenzy!
The orc warrior shoots a bolt.
The bolt hits you!
* * * LOW HITPOINT WARNING * * *
Your fulminant prism crackles loudly.
The ynoxinul gestures at you. The iron shot hits you!
You die...

o. o. .# #
##.# #....####
#...)@.#
#.#...o..#
#.*3......#
..45o*$......
O..o53##...###
...o.# ..$.
oo..# #....
.... .....


You could see an orc knight, a soul eater (summoned), an orc high priest
(strong), a ynoxinul (summoned), a red devil (summoned), 4 orc warriors, an
ogre, 2 ufetubi and 2 friendly fulminant prisms.

Vanquished Creatures
  Gastronok (D:8)
  Josephine (D:11)
  3 hydras
  4 two-headed ogres
  An ogre mage (Orc:1)
  4 catoblepae (Lair:5)
  A boulder beetle (Lair:3)
  14 death yaks
  Urug (D:12)
  2 orc high priests (Orc:1)
  3 skysharks
  Amaemon (Lair:3)
  Lodul (D:11)
  2 harpies (Lair:2)
  Pikel (D:6)
  A deep elf pyromancer (D:11)
  2 manticores (Lair:5)
  An oklob plant (Lair:3)
  2 cyclopes
  9 elephants
  Maurice (D:9)
  An orange demon (Lair:3)
  Joseph (D:9)
  3 black mambas
  A torpor snail (Lair:5)
  9 cane toads
  An unseen horror (D:12)
  Psyche (D:8)
  2 rime drakes
  8 komodo dragons
  A polar bear (Lair:3)
  A queen bee (Lair:2)
  A troll (Orc:1)
  A hornet (D:8)
  18 blink frogs
  6 dream sheep
  Sigmund (D:2)
  3 jumping spiders (Lair:3)
  8 slime creatures
  3 shadows
  2 culicivoras (Lair:3)
  A vampire (D:11)
  6 wraiths (D:11)
  A wyvern (Lair:5)
  Eustachio (D:4)
  A basilisk (Lair:5)
  3 redbacks (Lair:3)
  43 yaks
  2 vampire mosquitoes
  2 wargs (Orc:1)
  Menkaure (D:6)
  3 acid dragons
  15 water moccasins
  Duvessa (D:6)
  Pargi (Sewer)
  A sky beast (D:7)
  18 orc warriors
  3 black bears
  An ice beast (D:5)
  18 ogres
  9 centaurs
  2 elf zombies (Ossuary)
  3 lemures (D:6)
  A phantom (D:5)
  Blork the orc (D:5)
  A kobold brigand (D:7)
  13 bullfrogs
  3 scorpions
  13 wights
  A gnoll sergeant (D:8)
  Dowan (D:6)
  31 killer bees
  10 howler monkeys
  A lava snake (Lair:5)
  A centaur zombie (Ossuary)
  3 hounds
  13 jellies
  8 orc priests
  A human zombie (Ossuary)
  3 gnoll boudas
  4 iguanas
  A sleepcap (D:7)
  Terence (D:2)
  12 orc wizards
  2 mummies (Ossuary)
  18 gnolls
  4 adders
  16 white imps
  An ufetubus (D:5)
  A worm (D:3)
  3 dart slugs
  47 orcs
  6 bats
  2 bat zombies (D:6)
  18 endoplasms
  5 giant cockroaches
  5 goblins
  2 hobgoblins
  2 jackals (D:1)
  11 kobolds
  8 quokkas
  9 ball pythons
  5 frilled lizards
  2 goblin zombies
  11 hobgoblin zombies (Ossuary)
  4 jackal zombies (Ossuary)
  7 kobold zombies (Ossuary)
  8 orc zombies (Ossuary)
  A quokka zombie (D:6)
  3 rats
  3 rat zombies
  A butterfly (Lair:2)
  25 foxfires
  30 fulminant prisms
647 creatures vanquished.

Vanquished Creatures (collateral kills)
  31 foxfires
31 creatures vanquished.

Vanquished Creatures (others)
  2295 foxfires
  199 fulminant prisms
2494 creatures vanquished.

Grand Total: 3172 creatures vanquished

Notes
Turn   | Place    | Note
-------+----------+-------------------------------------------
     0 | D:1      | Pepete the Djinni Fire Elementalist began the quest for the
                  | Orb.
     0 | D:1      | Pepete set off with the following spells memorised:
                  | Foxfire, Scorch, Volatile Blastmotes, Inner Flame, Flame
                  | Wave.
     0 | D:1      | Reached XP level 1. HP: 15/15 MP: 0/0
    54 | D:1      | Reached XP level 2. HP: 15/21 MP: 0/0
    76 | D:1      | Reached skill level 1 in Armour
   748 | D:1      | Reached XP level 3. HP: 23/25 MP: 0/0
   748 | D:1      | Learned a level 1 spell: Necrotise
  1162 | D:1      | Found Vios's General Store.
  1714 | D:2      | Noticed Terence
  1725 | D:2      | Killed Terence
  1726 | D:2      | Reached skill level 2 in Armour
  1726 | D:2      | Reached XP level 4. HP: 23/31 MP: 0/0
  2227 | D:2      | Noticed Sigmund
  2803 | D:2      | Killed Sigmund
  2804 | D:2      | Reached skill level 3 in Armour
  2804 | D:2      | Reached XP level 5. HP: 28/35 MP: 0/0
  2804 | D:2      | Learned a level 2 spell: Blink
  2804 | D:2      | Reached XP level 6. HP: 33/40 MP: 0/0
  3174 | D:3      | Reached skill level 4 in Armour
  3757 | D:3      | Found a basalt altar of Yredelemnul.
  3929 | D:3      | Found an ornate altar of the Wu Jian Council.
  3929 | D:3      | Found a blossoming altar of Fedhas.
  3929 | D:3      | Found a shimmering altar of Xom.
  4608 | D:4      | Found a glowing drain.
  4619 | Sewer    | Entered a sewer
  4972 | Sewer    | Noticed Pargi
  4979 | Sewer    | Killed Pargi
  4980 | Sewer    | Reached XP level 7. HP: 39/45 MP: 0/0
  4980 | Sewer    | Learned a level 3 spell: Dazzling Flash
  5178 | D:4      | Found a shadowy altar of Dithmenos.
  5178 | D:4      | Noticed a steam dragon
  5180 | D:4      | Noticed a water moccasin
  5190 | D:4      | Noticed Eustachio
  5199 | D:4      | Killed Eustachio
  5200 | D:4      | Reached skill level 5 in Armour
  5526 | D:4      | Found a transporter.
  5537 | D:4      | Found a transporter.
  5975 | D:5      | Entered Level 5 of the Dungeon
  6101 | D:5      | Noticed Blork the orc
  6107 | D:5      | Killed Blork the orc
  6108 | D:5      | Reached skill level 5 in Spellcasting
  6108 | D:5      | Reached XP level 8. HP: 48/50 MP: 0/0
  6541 | D:5      | Reached skill level 6 in Armour
  6980 | D:5      | Noticed a vampire
  6982 | D:5      | Noticed a troll
  7098 | D:6      | Found a sand-covered staircase.
  7125 | Ossuary  | Entered an ossuary
  7537 | Ossuary  | Reached skill level 7 in Armour
  8016 | D:6      | Noticed Dowan
  8018 | D:6      | Noticed Duvessa
  8023 | D:6      | Killed Duvessa
  8024 | D:6      | Reached XP level 9. HP: 44/55 MP: 0/0
  8024 | D:6      | Learned a level 4 spell: Fulminant Prism
  8025 | D:6      | Killed Dowan
  8194 | D:6      | Found a staircase to the Ecumenical Temple.
  8203 | Temple   | Entered the Ecumenical Temple
  8268 | Temple   | Became a worshipper of Makhleb the Destroyer
  8394 | D:6      | Noticed Menkaure
  8399 | D:6      | Killed Menkaure
  8626 | D:6      | Found a white marble altar of Elyvilon.
  8678 | D:6      | Noticed Pikel
  8839 | D:6      | Found a glowing golden altar of the Shining One.
  8884 | D:6      | Reached skill level 8 in Armour
  9432 | D:6      | Killed Pikel
  9771 | D:7      | Identified the +0 scale mail of Chimes {Dex+4 Stlth+}
  9997 | D:7      | Reached skill level 9 in Armour
 10229 | D:7      | Reached XP level 10. HP: 50/60 MP: 0/0
 11010 | D:7      | Found Legeo's Gadget Gallery.
 11489 | D:7      | Reached * piety under Makhleb
 11490 | D:7      | Reached skill level 10 in Armour
 13582 | D:8      | Noticed Psyche
 13587 | D:8      | Killed Psyche
 13907 | D:8      | Reached ** piety under Makhleb
 13908 | D:8      | Reached skill level 11 in Armour
 14111 | D:8      | Reached XP level 11. HP: 61/65 MP: 0/0
 14111 | D:8      | Learned a level 5 spell: Blade Hands
 14395 | D:8      | Found a viscous altar of Jiyva.
 14403 | D:8      | Noticed Gastronok
 14453 | D:8      | Killed Gastronok
 15608 | D:9      | Found a runed translucent gate.
 15609 | D:9      | Found a runed translucent gate.
 15611 | D:9      | Noticed Maurice
 15946 | D:9      | Killed Maurice
 16039 | D:9      | Noticed Joseph
 16051 | D:9      | Killed Joseph
 16052 | D:9      | Reached skill level 12 in Armour
 16328 | D:9      | Noticed a death knight
 16364 | D:9      | Found a runed translucent gate.
 16370 | D:9      | Found an opulent altar of Gozag.
 16370 | D:9      | Noticed cheesebisquit's ghost (novice OpTm)
 16512 | D:9      | Found a stormy altar of Qazlal.
 16593 | D:9      | Found a broken altar of Ashenzari.
 17100 | D:10     | Entered Level 10 of the Dungeon
 18412 | D:10     | Found a snail-covered altar of Cheibriados.
 18444 | D:10     | Found a transporter.
 18448 | D:10     | Found a transporter.
 18458 | D:10     | Noticed Pepete's ghost (journeyman MiBe)
 18466 | D:10     | Noticed a white ugly thing
 18482 | D:10     | Noticed a two-headed ogre
 18492 | D:10     | Killed a two-headed ogre
 18493 | D:10     | Reached skill level 10 in Spellcasting
 21197 | D:11     | Found a staircase to the Lair.
 21217 | D:11     | Found a transporter.
 21218 | D:11     | Noticed a two-headed ogre
 21218 | D:11     | Noticed cheesebisquit's ghost (journeyman DjFE)
 21220 | D:11     | Noticed a two-headed ogre
 21220 | D:11     | Noticed a two-headed ogre
 21220 | D:11     | Noticed a two-headed ogre
 21221 | D:11     | Noticed a two-headed ogre
 21225 | D:11     | Found a transporter.
 21384 | D:10     | Reached XP level 12. HP: 32/70 MP: 0/0
 22939 | D:11     | Reached skill level 13 in Armour
 23321 | D:11     | Reached *** piety under Makhleb
 23918 | D:12     | Noticed Josephine
 23934 | D:11     | HP: 3/70 [wraith[Josephine] (10)]
 24225 | Lair:1   | Entered Level 1 of the Lair of Beasts
 24718 | Lair:1   | Noticed a six-headed hydra
 25194 | D:11     | Killed a six-headed hydra
 27737 | Lair:1   | Reached skill level 14 in Armour
 28043 | Lair:2   | Found a gate leading to a gauntlet.
 28410 | Lair:2   | Found a staircase to the Shoals.
 28784 | Lair:2   | Reached XP level 13. HP: 67/75 MP: 0/0
 28784 | Lair:2   | Learned a level 5 spell: Arcjolt
 30713 | Lair:2   | Reached skill level 15 in Armour
 31595 | Lair:3   | Noticed Amaemon
 31633 | Lair:3   | Killed Amaemon
 32055 | Lair:3   | Identified the +1 dagger "Soobbor" {heavy, +Blink Str+2}
 32138 | Lair:3   | Reached **** piety under Makhleb
 32770 | Lair:3   | Reached skill level 1 in Fighting
 33129 | Lair:3   | Reached skill level 1 in Maces & Flails
 33777 | Lair:3   | Found a hole to the Spider Nest.
 35205 | Lair:4   | Found an ornate altar of the Wu Jian Council.
 35852 | Lair:4   | Found a hide-covered altar of Uskayaw.
 36425 | Lair:4   | Noticed a four-headed hydra
 36448 | Lair:4   | Killed a four-headed hydra
 36449 | Lair:4   | Reached skill level 1 in Shields
 36449 | Lair:4   | Reached XP level 14. HP: 14/85 MP: 0/0
 37078 | Lair:4   | Found a staircase to the Slime Pits.
 39731 | Lair:5   | Entered Level 5 of the Lair of Beasts
 40761 | Lair:4   | Reached skill level 16 in Armour
 42362 | Lair:5   | Reached skill level 5 in Shields
 49269 | Lair:5   | Reached XP level 15. HP: 45/90 MP: 0/0
 49269 | Lair:5   | Learned a level 6 spell: Simulacrum
 51877 | D:11     | Killed Josephine
 53353 | D:11     | HP: 4/90 [shot self (3)]
 54321 | D:12     | Noticed Lodul
 55422 | D:1      | Bought a potion of curing for 33 gold pieces
 55422 | D:1      | Bought a wand of mindburst (6) for 92 gold pieces
 55422 | D:1      | Bought 2 potions of curing for 66 gold pieces
 58978 | D:11     | Killed Lodul
 60585 | D:12     | Noticed Urug
 60629 | D:12     | Killed Urug
 61740 | D:12     | Found a staircase to the Orcish Mines.
 61801 | Orc:1    | Entered Level 1 of the Orcish Mines
 62399 | Orc:2    | Entered Level 2 of the Orcish Mines
 62401 | Orc:2    | Noticed an orc warlord
 65074 | Orc:2    | Killed from afar by a ynoxinul

Illustrated notes

Levels and vault maps discovered:
D:1:      lemuel_arrival_rhombus, layout_basic, serial_shops,
          nicolae_shop_back_alley_shop
D:2:      layout_loops_ring, uniq_sigmund, uniq_terence
D:3:      layout_basic, yredelemnul_altar_generic,
          gammafunk_temple_overflow_claw
D:4:      layout_loops_corners, gammafunk_temple_overflow_arena, serial_rivers,
          chequers_serial_rivers_marsh, chequers_serial_rivers_large_b,
          chequers_serial_rivers_room_b, chequers_serial_rivers_micro_b,
          gup_sewer_entry_pipe, roderic_roman_lattice, uniq_eustachio
D:5:      layout_cave_pods, kennysheep_okawaru_gauntlet, minmay_small_thing,
          uniq_blork_the_orc
D:6:      layout_basic, lemuel_zombie_altar_kikubaaqudgha, lemuel_crystal_altar,
          elyvilon_altar_5, temple_statues, enter_ossuary_4, uniq_menkaure,
          uniq_duvessa, uniq_pikel
D:7:      layout_gridville, grunt_ministairs_3, nicolae_shop_gadgets
D:8:      hellmonk_crumbling_castle, layout_basic, jiyva_altar_1, uniq_psyche,
          uniq_gastronok
D:9:      layout_loops_ring, nicolae_ashenzari_skybound, kennysheep_little_box,
          ebering_ghost_gozag, uniq_maurice, uniq_joseph
D:10:     layout_grid_maze, kennysheep_slug_shrine, nzn_ghost_randoct
D:11:     layout_rooms, david_lair_shrubbed, gammafunk_ghost_smash,
          moated_statue
D:12:     layout_rooms, david_orc_4, vehumet_altar_wand_db, uniq_josephine,
          uniq_lodul, uniq_urug
Temple:   eino_temple_lava
Lair:1:   layout_gridlike, portal_ice_cave_entry_imps
Lair:2:   layout_roguey [special_room_bee], nicolae_shoals_entry_roost,
          gauntlet_entry_generic, serial_bayou_shore_a, lemuel_fruit_fields
Lair:3:   lemuel_slime, layout_gridlike, nicolae_spider_entry_tight_spaces,
          uniq_amaemon
Lair:4:   layout_cave_pods, slime_entry_1, serial_forest,
          infiniplex_forest_clump_long, infiniplex_forest_clump_small,
          infiniplex_forest_3_way, infiniplex_forest_clump_C,
          infiniplex_forest_end_2, infiniplex_forest_end_3,
          nzn_masters_of_martial_movement
Lair:5:   evilmike_catoblepas_cave, layout_gridlike
Orc:1:    layout_diamond_mine, nicolae_orc_rockfall, mines1_david
Orc:2:    grunt_orc_gardens, layout_diamond_mine, grunt_orc_garden,
          grunt_orc_garden, grunt_orc_garden, grunt_orc_garden

Skill      XL: |  1  2  3  4  5  6  7  8  9 10 11 12 13 14 15 |
---------------+----------------------------------------------+-----
Armour         | 1 2 3 4 5 7 9 11 12 14 15 16 | 16.9
Spellcasting   | 3 4 5 6 7 8 10 11 12 13 14 | 14.1
Fighting       | 2 |  2.5
Maces & Flails | 2 |  2.1
Shields        | 1 6 8 |  8.6
Dodging        | |  2.1
Stealth        | |  1.5

Action                     |  1- 3 |  4- 6 |  7- 9 | 10-12 | 13-15 || total
---------------------------+-------+-------+-------+-------+-------++-------
  Melee: Unarmed           |       |     1 |     5 |       |       ||     6
         Staff             |       |       |       |     3 |     8 ||    11
   Cast: Foxfire           |   107 |   139 |   194 |   411 |   564 ||  1415
         Scorch            |     2 |    10 |   115 |   294 |   386 ||   807
         Blink             |       |       |       |    31 |   151 ||   182
         Volatile Blastmot |       |       |       |    15 |    53 ||    68
         Flame Wave        |       |       |       |    16 |    38 ||    54
         Fulminant Prism   |       |       |       |       |   233 ||   233
 Invoke: Lesser Servant of |       |       |       |       |     1 ||     1
  Evoke: Wand              |       |       |     1 |       |    11 ||    12
    Use: Scroll            |       |     5 |     9 |    10 |    20 ||    44
         Potion            |       |     3 |     8 |    11 |    11 ||    33
 Armour: Robe              |     5 |     9 |       |       |       ||    14
         Troll leather arm |       |       |    42 |       |       ||    42
         Scale mail        |       |       |     9 |   228 |   119 ||   356
         Chain mail        |       |       |       |       |   229 ||   229
  Dodge: Dodged            |     7 |    16 |    67 |   159 |   184 ||   433
  Block: Kite shield       |       |       |       |       |   106 ||   106
